 Dungeon Crawl Stone Soup version 0.29-a0-997-gf6f7e2dfe7 (webtiles) character file.

Game seed: 1323415707284179745

676 Newt the Poker (level 7, -5/55 HPs)
             Began as a Demonspawn Gladiator on Aug 4, 2022.
             Slain by Menkaure (17 damage)
             ... on level 5 of the Dungeon.
             The game lasted 00:07:59 (3234 turns).

Newt the Poker (Demonspawn Gladiator)               Turns: 3234, Time: 00:08:00

Health: -5/55      AC: 11    Str: 16    XL:     7   Next: 33%
Magic:  9/9        EV: 13    Int: 12    God:
Gold:   249        SH:  0    Dex: 15    Spells: 6/6 levels left

rFire   . . .      SeeInvis .   a - +0 trident
rCold   . . .      Faith    .   (no shield)
rNeg    . . .      Spirit   .   l - +1 swamp dragon scales
rPois   +          Reflect  .   c - +0 helmet
rElec   .          Harm     .   i - +0 cloak
rCorr   .          Rampage  .   (gloves unavailable)
Will    .....                   (no boots)
Stlth   +.........              (no amulet)
HPRegen 0.18/turn               f - ring of poison resistance
MPRegen 0.11/turn               o - ring "Rafeteul" {Wiz Int+3}

@: hasted, very quick
A: demonic touch 3
a: no special abilities


You were on level 5 of the Dungeon.
You visited 1 branch of the dungeon, and saw 5 of its levels.

You collected 249 gold pieces.

Inventory:

Hand Weapons
 a - a +0 trident (weapon)
Missiles
 j - a javelin
 q - 4 boomerangs (quivered)
Armour
 b - a +0 leather armour
 c - a +0 helmet (worn)
 e - a +0 ring mail
 i - a +0 cloak (worn)
 l - +1 swamp dragon scales (worn)
Jewellery
 f - a ring of poison resistance (left hand)
 o - the ring "Rafeteul" (right hand) {Wiz Int+3}
   (You found it on level 2 of the Dungeon)

   [ring of wizardry]

   It improves your spell success rate.
   Int:       It affects your intelligence (+3).
 p - a ring of magical power
Wands
 k - a wand of quicksilver (6)
Scrolls
 g - a scroll of fear
 r - a scroll of blinking
 u - a scroll of identify
Potions
 h - a potion of flight
 m - 2 potions of brilliance
 n - a potion of degeneration {unknown}
 s - a potion of lignification {unknown}


   Skills:
 + Level 4.6 Fighting
 * Level 1.0(3.9) Axes
 + Level 6.1 Polearms
 + Level 4.1 Throwing
 + Level 4.1 Armour
 + Level 5.2 Dodging
 + Level 3.3 Invocations
 + Level 3.8 Evocations


You had 6 spell levels left.
You didn't know any spells.
Your spell library contained the following spells:

 Spells                   Type           Power      Damage    Failure   Level
 Fulminant Prism          Conj/Hex       0%         3d6       90%         4
 Iskenderun's Mystic Bla  Conj/Tloc      0%         2d3       90%         4
 Lee's Rapid Deconstruct  Erth           0%         3d5*      99%         5


Dungeon Overview and Level Annotations

Branches:
Dungeon (5/15)
 Temple: D:4-7

Altars:

Shops:
D:3 *[

Annotations:
D:5 Menkaure


Innate Abilities, Weirdness & Mutations

Your touch may irresistibly damage your foes and sap their willpower.


Message History

The scorpion stings you but does no damage.
Throw: throwing net
Press: ? - help, Shift-Dir - straight line, f - Menkaure
Aim: Menkaure (77% to hit)
You throw a throwing net.
The throwing net completely misses Menkaure.
The scorpion barely misses you.
Reach: a) +0 trident
Press: ? - help, Dir - move target, f - scorpion, p - Menkaure
Aim: a scorpion (about 37% to evade your +0 trident)
You hit the scorpion but do no damage. The scorpion stings you.
Reach: a) +0 trident
Press: ? - help, Dir - move target, f - Menkaure, p - scorpion
Aim: Menkaure (about 23% to evade your +0 trident)
You reach to attack!
You hit Menkaure but do no damage. The scorpion completely misses you.
Reach: a) +0 trident
Press: ? - help, Dir - move target, f/p - Menkaure
Aim: Menkaure (about 23% to evade your +0 trident)
You reach to attack!
You puncture Menkaure!
Menkaure is moderately damaged.
The scorpion stings you.
You barely miss Menkaure.
You touch Menkaure!
You sap his willpower!
Menkaure is severely damaged.
You barely miss Menkaure.
Menkaure is severely damaged.
The scorpion stings you but does no damage.
Menkaure calls on the powers of darkness!
Your body is wracked with pain!
* * * LOW HITPOINT WARNING * * *
The scorpion convulses!
You barely miss Menkaure.
Menkaure is severely damaged.
The scorpion stings you.
* * * LOW HITPOINT WARNING * * *
Unknown command.
You hit Menkaure but do no damage.
Menkaure is severely damaged.
Menkaure hits you!
You die...

##.####.## ###
.##.####.####.. ..
......†....##.# ...
............#.# #..#
..............# #..# .
..............###..#
$# ...............#..#
.# .#...............#
..
#.#..........@s##.####
#.##.........M........
#..######.##........
..# ..##.)....... .#
#.##..#(...... #.##M.#
#...... ..##... #.....
###..## #.... ....
....


You could see Menkaure (weak-willed) and a scorpion.

Vanquished Creatures
  A black bear (D:5)
  A necrophage (D:5)
  A scorpion (D:5)
  An orc priest (D:4)
  3 hounds
  2 iguanas
  Natasha (thrice) (D:3)
  Robin (D:3)
  2 adders
  4 gnolls (D:4)
  2 worms
  2 dart slugs (D:1)
  9 orcs
  5 ball pythons
  5 endoplasms
  11 goblins
  10 hobgoblins
  6 jackals
  3 quokkas
  5 bats
  5 frilled lizards
  4 kobolds
  5 rats
91 creatures vanquished.

Notes
Turn   | Place    | Note
-------+----------+-------------------------------------------
     0 | D:1      | Newt the Demonspawn Gladiator began the quest for the Orb.
     0 | D:1      | Reached XP level 1. HP: 16/16 MP: 1/1
   248 | D:1      | Gained mutation: Your touch may inflict minor irresistible
                  | damage on your foes. [demonic ancestry]
   248 | D:1      | Reached XP level 2. HP: 7/22 MP: 2/2
   627 | D:1      | Reached skill level 3 in Polearms
  1118 | D:2      | Reached XP level 3. HP: 27/27 MP: 3/3
  1274 | D:2      | Found a faded altar of an unknown god.
  1319 | D:2      | Reached skill level 5 in Polearms
  1319 | D:2      | Reached skill level 5 in Dodging
  1319 | D:2      | Gained mutation: Your touch may inflict irresistible damage
                  | on your foes. [demonic ancestry]
  1319 | D:2      | Reached XP level 4. HP: 38/38 MP: 3/6
  1446 | D:2      | Identified the ring "Rafeteul" {Wiz Int+3}
  1706 | D:3      | Found Geigoaso's Antique Armour Shoppe.
  1786 | D:3      | Noticed Natasha
  1790 | D:3      | Killed Natasha
  1791 | D:3      | Gained mutation: Your touch may irresistibly damage your
                  | foes and sap their willpower. [demonic ancestry]
  1791 | D:3      | Reached XP level 5. HP: 33/43 MP: 7/7
  1846 | D:3      | Noticed Natasha
  1850 | D:3      | Killed Natasha
  1933 | D:3      | Found Mofel's Assorted Antiques.
  2036 | D:3      | Noticed Robin
  2069 | D:3      | Killed Robin
  2576 | D:4      | Reached XP level 6. HP: 39/49 MP: 8/8
  2757 | D:4      | Noticed an orc warrior
  2809 | D:3      | Noticed Natasha
  2815 | D:3      | Killed Natasha
  2957 | D:5      | Entered Level 5 of the Dungeon
  2972 | D:5      | Reached skill level 6 in Polearms
  3015 | D:5      | Reached XP level 7. HP: 37/55 MP: 9/9
  3200 | D:5      | Reached skill level 1 in Axes
  3218 | D:5      | Noticed Menkaure
  3234 | D:5      | Slain by Menkaure

Illustrated notes

Levels and vault maps discovered:
D:1:      elethiomel_arrival_quiet, layout_basic, minmay_misc_feat_nine_boxes
D:2:      layout_basic, ebering_ecumenical_altar_petrified,
          chequers_serial_rivers_small_3
D:3:      layout_basic, serial_shops, nicolae_diamond_shop,
          nicolae_shop_competitors_out_of_business, uniq_natasha, uniq_robin
D:4:      layout_loops_ring
D:5:      layout_loops_ring, minmay_overflow_temple_star_hex,
          nrook_loot_triangle, kennysheep_decorative_pillar, minmay_misc_feat_x,
          minmay_parallelograms, uniq_duvessa, uniq_menkaure, uniq_sigmund,
          uniq_ijyb

Skill      XL: |  1  2  3  4  5  6  7 |
---------------+----------------------+-----
Dodging        | 3 5 |  5.2
Polearms       | 3 5 6 |  6.1
Fighting       | 4 |  4.6
Throwing       | 4 |  4.1
Armour         | 3 4 |  4.1
Invocations    | 3 |  3.3
Evocations     | 3 |  3.8
Axes           | 1 |  1.0

Action                   |  1- 3 |  4- 6 |  7- 9 || total
-------------------------+-------+-------+-------++-------
Melee: Trident           |    67 |   150 |    21 ||   238
       Punch             |     1 |     1 |       ||     2
       Touch             |     9 |    31 |     4 ||    44
Throw: Throwing net      |     1 |     1 |     1 ||     3
       Javelin           |     1 |       |       ||     1
       Boomerang         |       |     5 |     5 ||    10
  Use: Scroll            |     8 |     3 |       ||    11
       Potion            |     1 |     1 |     2 ||     4
 Stab: Held in net/web   |       |     1 |       ||     1
Armor: Leather armour    |    13 |       |       ||    13
       Swamp dragon scal |     8 |    53 |     8 ||    69
       Ring mail         |     2 |       |       ||     2
Dodge: Dodged            |    28 |    81 |    12 ||   121

Table legend: (Time is in decaauts)
 A = Elapsed time spent in this place.
 B = Non-inter-level travel time spent in this place.
 C = Inter-level travel time spent in this place.
 D = Time resting spent in this place.
 E = Time spent auto-exploring this place.
 F = Levels seen in this place.
 G = Mean time per level.
                   A        B        C        D        E       F      G
               +--------+--------+--------+--------+--------+-----+--------+
         Total |   3253 |   3206 |     47 |    426 |   2167 |   5 |  650.6 |
       Dungeon |   3253 |   3206 |     47 |    426 |   2167 |   5 |  650.6 |
               +--------+--------+--------+--------+--------+-----+--------+

Top non-repeatable levels by time:
     D:1: 1112 daAuts
     D:3: 834 daAuts
     D:2: 539 daAuts
     D:4: 492 daAuts
     D:5: 274 daAuts
